 Dungeon Crawl Stone Soup version 0.24-a0-513-g284f782df5 (webtiles) character file.

Game seed: 14740340392250600992

192 forest the Sneak (level 5, -5/26 HPs)
             Began as a Spriggan Assassin on July 20, 2019.
             Slain by a gnoll
             ... wielding a cursed -2 halberd
              (8 damage)
             ... on level 3 of the Dungeon.
             The game lasted 00:04:49 (2714 turns).

forest the Sneak (Spriggan Assassin)                Turns: 2714, Time: 00:04:52

Health: -5/26      AC:  3    Str:  8    XL:     5   Next: 42%
Magic:  6/6        EV: 19    Int: 12    God:
Gold:   120        SH:  0    Dex: 18    Spells: 4/4 levels left

rFire    . . .     SeeInvis +   a - +2 dagger
rCold    . . .     Gourm    .   (shield restricted)
rNeg     . . .     Faith    .   b - +0 robe
rPois    .         Spirit   .   (helmet restricted)
rElec    .         Reflect  .   c - +0 cloak
rCorr    .         Harm     .   (gloves unavailable)
MR       .....                  (boots unavailable)
Stlth    ++++......             (no amulet)
HPRegen  0.08/turn              (no ring)
MPRegen  0.10/turn              (no ring)

@: very quick
A: very small, unfitting armour, see invisible, herbivore, speed 3, slow
metabolism 2
a: no special abilities


You were on level 3 of the Dungeon.
You were not hungry.

You visited 1 branch of the dungeon, and saw 3 of its levels.

You collected 120 gold pieces.

Inventory:

Hand Weapons
 a - a +2 dagger (weapon)
 m - a +0 hunting sling
Missiles
 d - 4 poisoned darts (quivered)
 e - 2 curare-tipped darts
 i - 119 stones
Armour
 b - a +0 robe (worn)
 c - a +0 cloak (worn)
Scrolls
 g - 2 scrolls of blinking {unknown}
 h - 3 scrolls of identify {unknown}
 k - a scroll of teleportation {unknown}
 l - a scroll of amnesia {unknown}
 n - a scroll of immolation {unknown}
Potions
 j - a potion of mutation {unknown}
Comestibles
 f - 6 rations


   Skills:
 + Level 2.2 Fighting
 + Level 2.9 Short Blades
 + Level 2.0(2.8) Slings
 + Level 2.5(2.8) Throwing
 + Level 3.3 Dodging
 + Level 7.8 Stealth


You had 4 spell levels left.
You didn't know any spells.
Your spell library was empty.

Dungeon Overview and Level Annotations

Branches:
Dungeon (3/15)

Altars:


Innate Abilities, Weirdness & Mutations

You are very small and have problems with some larger weapons.
You are too small for most types of armour.
You have supernaturally acute eyesight. (SInv)
You are a herbivore.
You cover ground extremely quickly.
You need to consume almost no food.


Message History

You climb downwards.
A bat, a hobgoblin, 5 gnolls and a gnoll shaman come into view.
Found 14 gold pieces, a ring mail, a leather armour and 16 stones.
There is a stone staircase leading up here.
The helpless gnoll fails to defend itself.
You stick the gnoll like a pincushion!!!
You kill the gnoll!
Your Slings skill increases to level 2!
The gnoll hits you from afar with a cursed -2 halberd.
The gnoll hits you with a +0 spear.
The gnoll hits you from afar with a +0 spear!
You hit the hobgoblin.
The hobgoblin is heavily wounded.
The gnoll shaman shouts!
The gnoll shouts! x2
The gnoll hits you from afar with a +0 spear!
* * * LOW HITPOINT WARNING * * *
The gnoll shaman mumbles some strange prayers to its god against you.
You easily resist.
The gnoll hits you from afar with a cursed -2 halberd!
You die...

######
#######.....
#.........####
#.........(..#
#..........#
#..[g.g....#
#.g.g.@....#
#.....<....#
..g.g........[.b
######...#......
#.#.#......
#.###...... #.
...#.. ## ###$.


You could see a gnoll shaman, 4 gnolls, a hobgoblin and a bat (sleeping).

Vanquished Creatures
  Jessica (D:2)
  Natasha (thrice) (D:2)
  A worker ant (D:2)
  A gnoll (D:3)
  2 adders (D:2)
  2 worms (D:2)
  2 leopard geckos
  A giant cockroach (D:1)
  A goblin (D:2)
  7 hobgoblins
  2 jackals (D:2)
  A quokka (D:2)
  5 bats
  2 frilled lizards
  7 kobolds
  2 rats
40 creatures vanquished.

Notes
Turn   | Place    | Note
-------+----------+-------------------------------------------
     0 | D:1      | forest the Spriggan Assassin began the quest for the Orb.
     0 | D:1      | Reached XP level 1. HP: 10/10 MP: 2/2
    41 | D:1      | Reached skill level 6 in Stealth
   516 | D:1      | Reached XP level 2. HP: 11/15 MP: 3/3
  1193 | D:2      | Reached skill level 7 in Stealth
  1193 | D:2      | Reached XP level 3. HP: 9/18 MP: 4/4
  1505 | D:2      | Noticed Jessica
  1518 | D:2      | Killed Jessica
  1518 | D:2      | Reached XP level 4. HP: 23/23 MP: 5/5
  1869 | D:2      | Noticed Natasha
  1888 | D:2      | Killed Natasha
  1888 | D:2      | Reached skill level 1 in Slings
  2423 | D:2      | Noticed Natasha
  2434 | D:2      | Killed Natasha
  2434 | D:2      | Reached XP level 5. HP: 24/26 MP: 6/6
  2481 | D:2      | Noticed Natasha
  2496 | D:2      | Killed Natasha
  2714 | D:3      | Slain by a gnoll

Levels and vault maps discovered:
D:1:      roderic_crossed_star, layout_loops_ring, minmay_splitting_lines
D:2:      layout_basic, serial_curves, eino_curves_03, eino_curves_01,
          eino_curves_04, st_stairs_8, uniq_natasha, uniq_jessica
D:3:      layout_basic, uniq_crazy_yiuf_cottage

Skill      XL: |  1  2  3  4  5 |
---------------+----------------+-----
Stealth        | 6 7 |  7.8
Dodging        | 2 3 |  3.3
Fighting       | 2 |  2.2
Slings         | 1 2 |  2.0
Short Blades   | |  2.9
Throwing       | |  2.5

Action                   |  1- 3 |  4- 6 || total
-------------------------+-------+-------++-------
Melee: Dagger            |    95 |    33 ||   128
 Fire: Hunting sling     |    11 |    24 ||    35
Throw: Dart              |     8 |    19 ||    27
 Stab: Sleeping          |     4 |     3 ||     7
Armor: Robe              |    18 |     4 ||    22
Dodge: Dodged            |    89 |    33 ||   122

Table legend:
 A = Non-vault XP
 B = Vault XP
 C = Vault XP percentage of total XP
 D = Non-vault monster count
 E = Vault monster count
 F = Vault count percentage of total count
                 A         B        C        D         E       F
            +---------+---------+-------+---------+---------+-------
      Total |     171 |     104 |  37.8 |      37 |       3 |   7.5
            +---------+---------+-------+---------+---------+-------
        D:1 |      22 |       0 |   0.0 |      13 |       0 |   0.0
        D:2 |     135 |     104 |  43.5 |      23 |       3 |  11.5
        D:3 |      14 |       0 |   0.0 |       1 |       0 |   0.0
            +---------+---------+-------+---------+---------+-------
